[Event "Titled Tuesday Blitz November 15 Late 2022"]
[White "Fernandez Hernandez, Gerardo"]
[Black "Jimenez Almeida, Luis David"]
[WhiteFideId "2207400"]
[BlackFideId "22242244"]
[WhiteElo "2232"]
[BlackElo "2158"]
[Result "1/2-1/2"]
[Round "06"]
[TimeControl "180+1"]
[Date "2022.11.16"]
[WhiteClock "0:00:05"]
[BlackClock "0:00:02"]

1. e4 c5 2. d3 Nc6 3. g3 d5 4. Nd2 e5 5. Bg2 Be6 6. Ngf3 d4 7. Nc4 f6 8. O-O b5 9. Ncd2 Bd6 10. a4 a6 11. axb5 axb5 12. Rxa8 Qxa8 13. Nh4 Nge7 14. Qh5+ Bf7 15. Qg4 O-O 16. Nf5 Nxf5 17. exf5 Rc8 18. Ne4 Be7 19. Bh6 g6 20. Bd2 Qb7 21. Ra1 Qd7 22. Bh3 h5 23. Qf3 g5 24. g4 hxg4 25. Bxg4 Qd8 26. Ra6 Bd5 27. Qg2 Ra8 28. Rxa8 Qxa8 29. h3 Nb4 30. Bxb4 cxb4 31. Kh2 Kf8 32. Bf3 Qc6 33. Nxg5 fxg5 34. Bxd5 Qxc2 35. Qf3 e4 36. Bxe4 Bd6+ 37. Kg2 Bf4 38. f6 Kf7 39. Bd5+ Kxf6 40. Qe4 Be3 41. Qe6+ Kg7 42. Qf7+ Kh6 43. Qf6+ Kh7 44. Be4+ Kg8 45. Bd5+ Kh7 46. Qf7+ Kh6 47. Qf6+ Kh7 1/2-1/2


[Site "https://www.chess.com"]

[Event "Titled Tuesday Blitz November 15 Late 2022"]
[White "Forgacs, Attila Jr."]
[Black "Brown, Andrew"]
[WhiteFideId "773654"]
[BlackFideId "3206513"]
[WhiteElo "2168"]
[BlackElo "2245"]
[Result "1-0"]
[Round "06"]
[TimeControl "180+1"]
[Date "2022.11.16"]
[WhiteClock "0:00:32"]
[BlackClock "0:00:52"]

1. e4 g6 2. d4 Bg7 3. Nc3 c6 4. f4 d5 5. e5 h5 6. Nf3 Nh6 7. Be3 Nf5 8. Bf2 Nd7 9. Bd3 Nf8 10. O-O Ne6 11. Ne2 Qb6 12. b3 Bd7 13. c3 Bh6 14. g3 Bg7 15. Qc2 Rc8 16. Bxf5 gxf5 17. Qxf5 Nxd4 18. Qd3 Nxe2+ 19. Qxe2 Qa5 20. b4 Qa3 21. Bd4 Bf5 22. e6 f6 23. Nh4 Be4 24. f5 b6 25. Ng6 Rh7 26. Nf4 c5 27. Qb5+ Kf8 28. Ng6+ Kg8 29. Nxe7+ Kh8 30. Ng6+ Kg8 31. Qd7 Rf8 32. e7 cxd4 33. Qe6+ 1-0


[Site "https://www.chess.com"]

[Event "Titled Tuesday Blitz November 15 Late 2022"]
[White "Freile Martin, Javier"]
[Black "Rorrer, Grayson"]
[WhiteFideId "3600165"]
[BlackFideId "30944996"]
[WhiteElo "2322"]
[BlackElo "2130"]
[Result "0-1"]
[Round "06"]
[TimeControl "180+1"]
[Date "2022.11.16"]
[WhiteClock "0:00:07"]
[BlackClock "0:01:02"]

1. c4 e5 2. Nc3 Bb4 3. Nd5 a5 4. a3 Bc5 5. e3 c6 6. Nc3 d6 7. Nf3 Nd7 8. d4 Ba7 9. b3 Ngf6 10. Bb2 O-O 11. Be2 Qe7 12. O-O Re8 13. dxe5 dxe5 14. Qc2 Nf8 15. Rad1 Bg4 16. h3 Bh5 17. Nh4 Bxe2 18. Qxe2 Ng6 19. Nf5 Qe6 20. g4 Bc5 21. Qf3 Bf8 22. Ne4 a4 23. b4 Rad8 24. Nh6+ Kh8 25. Nxf6 gxf6 26. Qf5 Bxh6 27. Qc2 Bg7 28. c5 Rd5 29. Qxa4 Rxd1 30. Qxd1 f5 31. Qf3 fxg4 32. hxg4 e4 33. Bxg7+ Kxg7 34. Qh3 Ne5 35. Kg2 Qxg4+ 36. Qxg4+ Nxg4 37. Rd1 Ne5 38. Rd4 f5 39. a4 Kf6 40. Rd6+ Re6 41. Rd8 Re7 42. Rf8+ Ke6 43. Rg8 Nd3 44. b5 Nxc5 45. bxc6 bxc6 46. a5 Ra7 47. Rc8 Kd6 48. Rf8 Ke5 49. Re8+ Ne6 50. Rc8 c5 51. Rh8 Rxa5 52. Rxh7 c4 53. Rh8 Rc5 0-1


[Site "https://www.chess.com"]

[Event "Titled Tuesday Blitz November 15 Late 2022"]
[White "Garcia Pantoja, Roberto"]
[Black "Deac, Bogdan-Daniel"]
[WhiteFideId "3509265"]
[BlackFideId "1226380"]
[WhiteElo "2524"]
[BlackElo "2648"]
[Result "0-1"]
[Round "06"]
[TimeControl "180+1"]
[Date "2022.11.15"]
[WhiteClock "0:00:03"]
[BlackClock "0:00:08"]

1. e4 c6 2. d4 d5 3. e5 Bf5 4. Nf3 e6 5. Be2 c5 6. O-O Nc6 7. Be3 cxd4 8. Nxd4 Nge7 9. Bb5 a6 10. Bxc6+ Nxc6 11. Nxf5 exf5 12. f4 d4 13. Bf2 Qb6 14. Nd2 Qxb2 15. Rb1 Qxa2 16. Rxb7 Qe6 17. Qf3 Be7 18. Rfb1 O-O 19. R1b6 Rfc8 20. Nb3 Qc4 21. Rxc6 Qxc6 22. Qxc6 Rxc6 23. Rxe7 Rxc2 24. Bxd4 Rb8 25. Ba7 Kf8 26. Bxb8 Kxe7 27. Bd6+ Ke8 28. Nd4 Rc1+ 29. Kf2 g6 30. Nb3 Rc2+ 31. Kf1 Rb2 32. Na5 Ra2 33. Nc6 a5 34. h4 a4 35. Nd4 Kd7 36. Kg1 a3 37. Kh2 Rd2 38. Bxa3 Rxd4 39. g3 Rd2+ 40. Kh3 h5 41. Bc5 Ke6 42. Be3 Re2 43. Ba7 Kd5 44. Bb6 Ke4 45. e6 fxe6 46. Bg1 Kf3 47. Bh2 Kf2 48. Bg1+ Kxg1 0-1


[Site "https://www.chess.com"]

[Event "Titled Tuesday Blitz November 15 Late 2022"]
[White "Gasparyan, David"]
[Black "Ivic, Velimir"]
[WhiteFideId "13311980"]
[BlackFideId "950122"]
[WhiteElo "2329"]
[BlackElo "2625"]
[Result "0-1"]
[Round "06"]
[TimeControl "180+1"]
[Date "2022.11.15"]
[WhiteClock "0:00:05"]
[BlackClock "0:00:28"]

1. Nf3 Nf6 2. d4 g6 3. Bf4 Bg7 4. e3 O-O 5. h3 d6 6. Nc3 b6 7. Bd3 c5 8. O-O Bb7 9. dxc5 bxc5 10. e4 Nc6 11. Re1 Nd7 12. Bc4 Nde5 13. Nxe5 Nxe5 14. Bb3 Rb8 15. Qe2 Bc6 16. Rad1 a5 17. Bc1 Bd7 18. Nd5 a4 19. f4 axb3 20. fxe5 bxc2 21. Qxc2 Bxe5 22. b3 f6 23. Bh6 Re8 24. Ne3 Be6 25. Nc4 Bd4+ 26. Kh1 Qd7 27. Qd3 Ra8 28. Re2 Reb8 29. Qf3 Bxc4 30. bxc4 Qe6 31. Rc2 Rb4 32. e5 Rab8 33. exd6 Qxd6 34. Qe4 Rb1 35. Rd2 Rxd1+ 36. Rxd1 Kf7 37. Re1 Qe5 38. Bf4 Qxe4 39. Rxe4 Rb1+ 40. Kh2 e5 41. Bh6 Rb2 42. a3 Rc2 43. Re1 Rxc4 44. Rb1 Ra4 45. Rb7+ Ke6 46. Rxh7 Rxa3 47. Bf8 e4 48. Re7+ Kd5 49. Rd7+ Kc4 50. Rg7 e3 51. Re7 Be5+ 52. Kg1 Ra1# 0-1


[Site "https://www.chess.com"]

[Event "Titled Tuesday Blitz November 15 Late 2022"]
[White "Gerbelli Neto, Eduardo"]
[Black "Sariego Figueredo, Wilfredo"]
[WhiteFideId "2103281"]
[BlackFideId "3500080"]
[WhiteElo "2178"]
[BlackElo "2309"]
[Result "1-0"]
[Round "06"]
[TimeControl "180+1"]
[Date "2022.11.16"]
[WhiteClock "0:00:28"]
[BlackClock "0:00:07"]

1. e4 c5 2. Nc3 a6 3. f4 b5 4. g3 Bb7 5. Bg2 e6 6. d3 d5 7. Qe2 Be7 8. Nh3 Nf6 9. O-O b4 10. Na4 Bc6 11. b3 Bxa4 12. bxa4 Qa5 13. exd5 exd5 14. Bb2 Ra7 15. Bxf6 gxf6 16. Bxd5 Qxa4 17. Qh5 Qxc2 18. Qxf7+ Kd8 19. Bc4 h5 20. Qe6 Rc7 21. Nf2 h4 22. g4 h3 23. Rae1 Nc6 24. Re2 Qc3 25. Qd5+ Kc8 26. Bxa6+ Kb8 27. Ne4 Qd4+ 28. Qxd4 Nxd4 29. Ref2 Rg8 30. Bc4 Rxg4+ 31. Kh1 Ra7 32. Ng3 Ra3 33. Re1 Bd6 34. Ne4 Bc7 35. Nxc5 Bb6 36. Nd7+ Ka7 37. Nxb6 Kxb6 38. Re4 Kc5 39. Rf1 f5 40. Re5+ Kd6 41. Rd5+ Kc6 42. Rxd4 Kc5 43. Rd5+ Kc6 44. Rxf5 Ra7 45. Rg5 Rxg5 46. fxg5 Rg7 47. Rf5 Rg6 48. Kg1 Rg7 49. Kf2 Ra7 50. Kg3 Re7 51. Kxh3 Re3+ 52. Kg4 Re1 53. h4 Rg1+ 54. Kh5 Rh1 55. Rf6+ Kd7 56. g6 Ke8 57. g7 Rg1 58. Rg6 Rxg6 59. Kxg6 b3 60. axb3 1-0


[Site "https://www.chess.com"]

[Event "Titled Tuesday Blitz November 15 Late 2022"]
[White "Golubev, Mikhail"]
[Black "Zwirs, Nico"]
[WhiteFideId "14100983"]
[BlackFideId "1036432"]
[WhiteElo "2374"]
[BlackElo "2381"]
[Result "0-1"]
[Round "06"]
[TimeControl "180+1"]
[Date "2022.11.16"]
[WhiteClock "0:00:01"]
[BlackClock "0:00:16"]

1. e4 c5 2. Nf3 d6 3. d4 cxd4 4. Nxd4 Nf6 5. Nc3 a6 6. Bc4 e6 7. O-O b5 8. Bb3 Be7 9. f4 O-O 10. e5 dxe5 11. fxe5 Nfd7 12. Be3 Bb7 13. Qh5 Nc6 14. Rxf7 Rxf7 15. Nxe6 g6 16. Nxd8 gxh5 17. e6 Nxd8 18. exd7 Kg7 19. Nd5 Bxd5 20. Bxd5 Rb8 21. Rd1 Bf6 22. Bxf7 Nxf7 23. Rd5 h4 24. b3 Kf8 25. Kf2 Ke7 26. Ke2 Ke6 27. Rd3 Rd8 28. c4 bxc4 29. bxc4 Rxd7 30. Rb3 Rd6 31. Rb7 Rc6 0-1


[Site "https://www.chess.com"]

[Event "Titled Tuesday Blitz November 15 Late 2022"]
[White "Gonzalez, Francisco Silva"]
[Black "Krasteva, Beloslava"]
[WhiteFideId "1512285"]
[BlackFideId "2922029"]
[WhiteElo "2159"]
[BlackElo "2187"]
[Result "1-0"]
[Round "06"]
[TimeControl "180+1"]
[Date "2022.11.16"]
[WhiteClock "0:02:45"]
[BlackClock "0:01:26"]

1. d4 Nf6 2. c4 e6 3. Nc3 Bb4 4. a3 Bxc3+ 5. bxc3 d6 6. f3 c5 7. e4 e5 8. Bg5 h6 9. Be3 b6 10. Bd3 Nc6 11. Ne2 Ba6 12. Qa4 cxd4 13. Qxc6+ Ke7 14. cxd4 1-0


[Site "https://www.chess.com"]

[Event "Titled Tuesday Blitz November 15 Late 2022"]
[White "Gorodetzky, David"]
[Black "Tristan, Leonardo"]
[WhiteFideId "2813416"]
[BlackFideId "113816"]
[WhiteElo "2497"]
[BlackElo "2461"]
[Result "0-1"]
[Round "06"]
[TimeControl "180+1"]
[Date "2022.11.15"]
[WhiteClock "0:00:01"]
[BlackClock "0:00:03"]

1. a3 d5 2. d4 Nf6 3. Nf3 Bf5 4. Bf4 e6 5. e3 c5 6. dxc5 Bxc5 7. b4 Bd6 8. Bxd6 Qxd6 9. c4 O-O 10. Nc3 Rc8 11. Rc1 a5 12. Nb5 Qf8 13. c5 axb4 14. axb4 Nc6 15. Nd6 Rc7 16. b5 Nb4 17. Nd4 b6 18. N4xf5 Rxc5 19. Rxc5 bxc5 20. Ke2 Ra2+ 21. Kf3 exf5 22. Nxf5 Ne4 23. Be2 Nc3 24. Qb3 Nxe2 25. Re1 g6 26. Rxe2 Rxe2 27. Kxe2 gxf5 28. Qc3 Qd6 29. Kf3 d4 30. exd4 cxd4 31. Qc8+ Kg7 32. Qxf5 d3 33. Qg5+ Kf8 34. Qd2 Qd5+ 35. Ke3 Qxb5 36. f3 Qc5+ 37. Ke4 Qc4+ 38. Ke3 Nd5+ 39. Kf2 Qd4+ 40. Kg3 Qe3 41. Qa5 Qe5+ 42. Kf2 Qd4+ 43. Kg3 Ne3 44. Qa8+ Kg7 45. Qb8 d2 0-1


[Site "https://www.chess.com"]

[Event "Titled Tuesday Blitz November 15 Late 2022"]
[White "Gubajdullin, Alexei"]
[Black "Urazayev, Arystanbek"]
[WhiteFideId "4141202"]
[BlackFideId "13709810"]
[WhiteElo "2230"]
[BlackElo "2441"]
[Result "1-0"]
[Round "06"]
[TimeControl "180+1"]
[Date "2022.11.16"]
[WhiteClock "0:00:18"]
[BlackClock "0:00:03"]

1. Nf3 Nf6 2. c4 g6 3. b4 Bg7 4. Bb2 O-O 5. g3 b6 6. Bg2 Bb7 7. O-O e6 8. d3 d6 9. b5 Nbd7 10. Nc3 Nc5 11. a4 a5 12. Nd4 Bxg2 13. Kxg2 e5 14. Nc6 Qd7 15. Nd5 Nxd5 16. cxd5 f5 17. Ba3 f4 18. f3 Kh8 19. Bxc5 bxc5 20. Qb3 h5 21. Qc4 Kh7 22. Qe4 Bh6 23. Rab1 Rac8 24. b6 cxb6 25. Rxb6 Bg7 26. Rfb1 Rc7 27. Nxa5 Ra8 28. Nc6 Qf7 29. a5 Qe8 30. a6 Qc8 31. Rb7 Rxa6 32. Ne7 Rxe7 33. Rxe7 h4 34. Rbb7 h3+ 35. Kf2 fxg3+ 36. Kxg3 Qf8 37. Qh4+ Kg8 38. Rxg7+ Qxg7 39. Rxg7+ Kxg7 40. Qe7+ Kh6 41. Qf8+ Kg5 42. Qe7+ Kh6 43. Kg4 Ra2 44. Qxd6 Rxe2 45. Kxh3 Kg5 46. Qe7+ Kf4 47. d6 Kxf3 48. d7 g5 49. Qf6+ Ke3 50. Qxg5+ Kf2 51. d8=Q e4 52. Qdf6+ Ke1 53. Qc1# 1-0


[Site "https://www.chess.com"]

[Event "Titled Tuesday Blitz November 15 Late 2022"]
[White "Guz, Ari"]
[Black "Arnold, Ken"]
[WhiteFideId "2825759"]
[BlackFideId "2056836"]
[WhiteElo "2205"]
[BlackElo "2357"]
[Result "1-0"]
[Round "06"]
[TimeControl "180+1"]
[Date "2022.11.16"]
[WhiteClock "0:01:17"]
[BlackClock "0:01:00"]

1. b3 e5 2. Bb2 Nc6 3. e3 Nf6 4. d4 exd4 5. exd4 d5 6. Nf3 a6 7. Ne5 Bd7 8. Bd3 Bd6 9. O-O O-O 10. a3 Re8 11. f4 Ne4 12. Nd2 f6 13. Nxd7 Qxd7 14. c4 Nxd2 15. Qxd2 dxc4 16. bxc4 Rad8 17. d5 Bc5+ 18. Kh1 Be3 19. Qc2 Nd4 20. Bxh7+ Kh8 21. Bxd4 Bxd4 22. Bf5 Qe7 23. Qd1 Bxa1 24. Qh5+ Kg8 25. Be6+ Qxe6 26. dxe6 1-0


[Site "https://www.chess.com"]

[Event "Titled Tuesday Blitz November 15 Late 2022"]
[White "Hansen, Eric"]
[Black "He, Samuel"]
[WhiteFideId "2606771"]
[BlackFideId "2087235"]
[WhiteElo "2568"]
[BlackElo "2607"]
[Result "0-1"]
[Round "06"]
[TimeControl "180+1"]
[Date "2022.11.16"]
[WhiteClock "0:00:01"]
[BlackClock "0:00:14"]

1. Nf3 Nf6 2. g3 b5 3. Bg2 Bb7 4. O-O e6 5. d3 Be7 6. e4 d6 7. Re1 Nbd7 8. Nc3 b4 9. Ne2 e5 10. Ng5 h6 11. Nh3 Nc5 12. f4 a5 13. Nf2 O-O 14. Be3 Na4 15. Rb1 c5 16. Qd2 Qc7 17. b3 Nb6 18. g4 d5 19. fxe5 Qxe5 20. d4 Qc7 21. e5 Ne4 22. Nxe4 dxe4 23. Rbd1 c4 24. Ng3 Nd5 25. Bxe4 Nc3 26. Bxb7 Qxb7 27. Ra1 Qf3 28. Qg2 Qxg4 29. bxc4 Bh4 30. Bf2 Rac8 31. c5 Rfd8 32. a3 Nd5 33. axb4 axb4 34. Re4 Nf4 35. Rxf4 Qxf4 36. Ne2 Bxf2+ 37. Qxf2 Qd2 38. Rb1 Qxc2 39. Rxb4 Rc6 40. h3 Rg6+ 41. Kh2 Ra8 42. Qf3 Ra2 43. Rb8+ Kh7 44. h4 Qxe2+ 45. Qxe2 Rxe2+ 46. Kh3 Re3+ 47. Kh2 Re4 48. Kh3 Rxd4 0-1


[Site "https://www.chess.com"]

[Event "Titled Tuesday Blitz November 15 Late 2022"]
[White "Harshavardhan G B"]
[Black "Jones, Gawain C B"]
[WhiteFideId "25059009"]
[BlackFideId "409561"]
[WhiteElo "2333"]
[BlackElo "2657"]
[Result "1/2-1/2"]
[Round "06"]
[TimeControl "180+1"]
[Date "2022.11.15"]
[WhiteClock "0:00:45"]
[BlackClock "0:00:18"]

1. d4 Nf6 2. c4 g6 3. Nc3 Bg7 4. e4 d6 5. Nf3 O-O 6. Be2 e5 7. d5 a5 8. Bg5 h6 9. Be3 Ng4 10. Bc1 f5 11. exf5 gxf5 12. g3 Na6 13. O-O Nc5 14. Nh4 Nf6 15. f4 e4 16. h3 Bd7 17. Be3 Kh7 18. Kh2 Rg8 19. Qd2 Qe7 20. Rg1 Bh8 21. Bd4 e3 22. Qxe3 Qxe3 23. Bxe3 Nfe4 24. Nxe4 Nxe4 25. Bd3 Rae8 26. Rae1 Bxb2 27. g4 Bc3 28. Re2 Bf6 29. Nxf5 Bxf5 30. gxf5 Nc3 31. Rxg8 Kxg8 32. Rg2+ Kf7 33. Bd2 a4 34. a3 Ne4 35. Bb4 Bh4 36. Re2 Nc5 37. Rxe8 Kxe8 38. Bc2 Ke7 39. Kg2 Bf6 40. Kf3 Bd4 41. Kg4 Kf6 42. Kh5 Kg7 43. Kg4 Kf6 44. Ba5 b6 45. Bb4 Bb2 46. Kh5 Kg7 47. Bxc5 bxc5 48. Bxa4 Bxa3 49. f6+ Kxf6 50. Kxh6 Bc1 51. Kh7 Bxf4 52. Kg8 Kg5 53. Bd1 Kh4 54. Bg4 Be5 55. Kf7 Kg5 56. Ke6 Kh4 57. Kd7 Kg5 58. Kxc7 Kh4 59. Kd7 Kg5 60. Ke6 Kh4 61. Kf5 Bg3 62. Kg6 Be5 63. Bd7 Bg3 1/2-1/2


[Site "https://www.chess.com"]

[Event "Titled Tuesday Blitz November 15 Late 2022"]
[White "Horcajuelo Rocamora, Martin"]
[Black "Annaberdiyev, Babageldi"]
[WhiteFideId "24573027"]
[BlackFideId "14000385"]
[WhiteElo "2094"]
[BlackElo "2332"]
[Result "0-1"]
[Round "06"]
[TimeControl "180+1"]
[Date "2022.11.16"]
[WhiteClock "0:00:50"]
[BlackClock "0:00:21"]

1. e4 e6 2. d4 d5 3. exd5 exd5 4. Bd3 Bd6 5. Nf3 Nc6 6. O-O Bg4 7. c3 Nge7 8. h3 Bh5 9. b4 Bg6 10. Bxg6 hxg6 11. Nbd2 Qd7 12. Nb3 O-O 13. Re1 Nf5 14. g4 Nh6 15. Bxh6 gxh6 16. Qd2 Kg7 17. Kg2 Rae8 18. a4 b6 19. a5 Rxe1 20. Nxe1 Qe7 21. axb6 axb6 22. Nd3 Qf6 23. f4 Re8 24. Ne5 Ne7 25. Rf1 Ra8 26. Ra1 Rxa1 27. Nxa1 Qe6 28. Nc2 f6 29. Nf3 Qe4 30. Kf2 Bxf4 31. Qe2 f5 32. Qxe4 fxe4 33. Nfe1 g5 34. Ng2 Kf6 35. Nce3 Bxe3+ 36. Nxe3 c6 37. Kg3 b5 38. h4 Ke6 39. h5 Kf6 40. Kf2 Kg7 41. Nf1 Nc8 42. Ne3 Nd6 43. Ke2 Kf6 44. Kf2 Ke6 45. Ke2 Kf7 46. Kf2 Kg7 47. Kg3 Nc4 48. Nf5+ Kh7 49. Kf2 Na3 50. Ne7 Nb1 51. Nxc6 Nxc3 52. Ne7 Kg7 53. Nf5+ Kh7 54. Ne3 Kg7 55. Ke1 Kf6 56. Kd2 Na2 57. Nxd5+ Ke6 58. Nc7+ Kf6 59. Na6 Ke6 60. Ke3 Kd5 61. Nc7+ Kc4 62. d5 Nxb4 63. d6 Nc6 64. Na6 b4 65. Nxb4 Kxb4 66. Kxe4 Kc5 67. Kf5 Kxd6 68. Kg6 Ke6 69. Kxh6 Kf6 70. Kh7 Ne5 0-1


[Site "https://www.chess.com"]

[Event "Titled Tuesday Blitz November 15 Late 2022"]
[White "Hristodoulou, Panagiotis"]
[Black "Karas, Marek"]
[WhiteFideId "4214340"]
[BlackFideId "14928558"]
[WhiteElo "2272"]
[BlackElo "2220"]
[Result "1-0"]
[Round "06"]
[TimeControl "180+1"]
[Date "2022.11.16"]
[WhiteClock "0:00:05"]
[BlackClock "0:00:01"]

1. e4 e6 2. d4 d5 3. Nc3 Nf6 4. Bg5 Be7 5. e5 Nfd7 6. Bxe7 Qxe7 7. f4 O-O 8. Qh5 f6 9. Nf3 c5 10. O-O-O Nc6 11. dxc5 fxe5 12. fxe5 Rf5 13. Qh3 Ndxe5 14. Nxe5 Nxe5 15. Qe3 Ng4 16. Qd4 Nf2 17. Bd3 Nxd3+ 18. Rxd3 Bd7 19. Re1 Qg5+ 20. Kb1 Rf4 21. Qe3 Qf5 22. a3 Rf1 23. Rxf1 Qxf1+ 24. Ka2 Qf6 25. Ne2 Bc6 26. Nf4 Re8 27. g3 Qf7 28. Qe5 Qf6 29. Qd6 Qe7 30. Qxe7 Rxe7 31. Kb3 g5 32. Nh5 Kf7 33. Rf3+ Kg6 34. g4 Rf7 35. Re3 Re7 36. Re5 h6 37. Kc3 Kf7 38. Kd4 Ke8 39. Re3 Kd7 40. Ke5 Rf7 41. Nf6+ Ke7 42. Ng8+ Kd7 43. Nxh6 Rh7 44. Rh3 d4 45. Kxd4 Bd5 46. c4 Bg2 47. Rh5 Bf3 48. h3 Bg2 49. b4 Ke8 50. Ke5 Kf8 51. Kxe6 Kg7 52. Nf5+ Kg6 53. Rxh7 Kxh7 54. Kf6 Bxh3 55. Kxg5 Bf1 56. Nd6 Kg7 57. Nxb7 Bxc4 58. c6 Bd5 59. b5 a6 60. bxa6 Bxc6 61. Nd8 Bd5 62. Nb7 Kf7 63. Nc5 Ke7 64. Kh6 Kd6 65. Nd3 Be4 66. Nb4 Kc7 67. g5 Kb6 68. g6 1-0


[Site "https://www.chess.com"]

[Event "Titled Tuesday Blitz November 15 Late 2022"]
[White "Ibarra Jerez, Jose Carlos"]
[Black "Ghazarian, Kirk"]
[WhiteFideId "2226332"]
[BlackFideId "30908604"]
[WhiteElo "2638"]
[BlackElo "2346"]
[Result "1-0"]
[Round "06"]
[TimeControl "180+1"]
[Date "2022.11.15"]
[WhiteClock "0:00:46"]
[BlackClock "0:00:18"]

1. e4 c5 2. Nc3 Nc6 3. Nge2 d6 4. d4 cxd4 5. Nxd4 Nf6 6. Nd5 e6 7. Nxf6+ Qxf6 8. Nb5 Qd8 9. c4 Be7 10. Be3 O-O 11. Be2 a6 12. Nc3 b6 13. O-O Qc7 14. Rc1 Rb8 15. Nd5 Qa7 16. Nxe7+ Qxe7 17. Qd2 Rd8 18. Rfd1 a5 19. b3 Ba6 20. h3 Rd7 21. Bg5 f6 22. Be3 Ne5 23. f4 Nf7 24. Kh2 Qd8 25. Bg4 Re7 26. a3 Bb7 27. Qd3 Qc7 28. b4 axb4 29. axb4 Bxe4 30. Qxe4 f5 31. Bxf5 exf5 32. Qd3 Rbe8 33. Bd4 Re4 34. Ba1 d5 35. Qg3 Qxf4 36. Qxf4 Rxf4 37. Rxd5 Re2 38. Bd4 Re6 39. Ra1 h6 40. Ra7 Rd6 41. Rxd6 Nxd6 42. Be5 Nc8 43. Rc7 1-0


[Site "https://www.chess.com"]

[Event "Titled Tuesday Blitz November 15 Late 2022"]
[White "Janaszak, Dawid"]
[Black "Hoffmann, Asa"]
[WhiteFideId "1119206"]
[BlackFideId "2001470"]
[WhiteElo "2226"]
[BlackElo "2117"]
[Result "1-0"]
[Round "06"]
[TimeControl "180+1"]
[Date "2022.11.16"]
[WhiteClock "0:01:34"]
[BlackClock "0:01:55"]

1. e4 d6 2. Nc3 c6 3. d4 Nf6 4. Bg5 Nbd7 5. f4 b5 6. e5 b4 7. exf6 gxf6 8. Ne4 fxg5 9. Nxg5 e5 10. dxe5 dxe5 11. Bc4 Qf6 12. Bxf7+ Ke7 13. N1f3 Ba6 14. Qd2 Qxf4 15. Qxf4 exf4 16. O-O-O Bg7 17. Rhe1+ Kf8 18. Rxd7 1-0


[Site "https://www.chess.com"]

[Event "Titled Tuesday Blitz November 15 Late 2022"]
[White "Jarocka, Liwia"]
[Black "Barria Zuniga, Daniel"]
[WhiteFideId "21807558"]
[BlackFideId "3400816"]
[WhiteElo "1989"]
[BlackElo "2414"]
[Result "0-1"]
[Round "06"]
[TimeControl "180+1"]
[Date "2022.11.16"]
[WhiteClock "0:00:04"]
[BlackClock "0:00:38"]

1. e4 c5 2. Nf3 Nc6 3. d4 cxd4 4. Nxd4 e6 5. Nc3 Qc7 6. Be2 a6 7. Be3 b5 8. O-O Na5 9. Re1 Bb7 10. Kh1 Nc4 11. Bxc4 Qxc4 12. Qf3 Nf6 13. a3 Be7 14. Rad1 O-O 15. Bg5 Rac8 16. Qg3 Nh5 17. Qh4 Bxg5 18. Qxg5 Nf6 19. Nf3 h6 20. Qe3 Rfd8 21. Ne5 Qc7 22. Nd3 d5 23. exd5 Nxd5 24. Nxd5 Rxd5 25. c3 Rcd8 26. Rd2 R8d6 27. Red1 Qd8 28. f3 e5 29. Kg1 f5 30. Kf2 Qh4+ 31. Kg1 Qd8 32. g3 e4 33. fxe4 fxe4 34. Qxe4 Rxd3 35. Rxd3 Bxe4 36. Rxd6 Qg5 37. Re1 Qf5 38. Rd8+ Kh7 39. Rd4 Bc6 40. Rf4 Qd5 41. Rd4 Qg2# 0-1


[Site "https://www.chess.com"]

[Event "Titled Tuesday Blitz November 15 Late 2022"]
[White "Jobava, Baadur"]
[Black "Kleiman, Jake"]
[WhiteFideId "13601520"]
[BlackFideId "2020041"]
[WhiteElo "2582"]
[BlackElo "2618"]
[Result "1-0"]
[Round "06"]
[TimeControl "180+1"]
[Date "2022.11.16"]
[WhiteClock "0:00:08"]
[BlackClock "0:00:03"]

1. d4 Nf6 2. Nc3 d5 3. Bf4 e6 4. Nb5 Bd6 5. Nxd6+ cxd6 6. e3 O-O 7. c3 Nc6 8. Nf3 Re8 9. h3 e5 10. Bh2 Bf5 11. Be2 Rc8 12. O-O a6 13. Re1 h6 14. Qb3 Qc7 15. a4 Na5 16. Qb4 Nc4 17. dxe5 dxe5 18. a5 Nd7 19. Red1 Be6 20. Nd4 Nd6 21. Nxe6 fxe6 22. Bh5 Rf8 23. Bg4 Rce8 24. Bh5 Rc8 25. Bg4 Rce8 26. c4 Nxc4 27. b3 Nd6 28. Rac1 Qb8 29. Rc2 Nb5 30. Be2 Nd6 31. Rdc1 Nf5 32. Bg4 Rc8 33. Bxf5 exf5 34. Qe7 Rxc2 35. Rxc2 Qd8 36. Qe6+ Kh8 37. Qxd5 f4 38. exf4 exf4 39. Rd2 Qe8 40. Bxf4 Rxf4 41. Qxd7 Qxd7 42. Rxd7 Rb4 43. Rd3 Rb5 44. g4 Rxa5 45. Kg2 Rb5 46. f4 Kh7 47. Kf3 a5 48. f5 Rb4 49. h4 h5 50. g5 Rxh4 51. Rd7 Rh3+ 52. Kf4 Rxb3 53. f6 Rb4+ 54. Kf3 Rb3+ 55. Ke4 Rb4+ 56. Ke5 Rb5+ 57. Ke6 Rxg5 58. f7 Rg1 59. f8=Q Re1+ 60. Kd6 Rd1+ 61. Kc7 Rxd7+ 62. Kxd7 1-0


[Site "https://www.chess.com"]

[Event "Titled Tuesday Blitz November 15 Late 2022"]
[White "Joubert, Dantelle"]
[Black "Gardezi, Arsal"]
[WhiteFideId "14310813"]
[BlackFideId "30949521"]
[WhiteElo "1507"]
[BlackElo "1906"]
[Result "0-1"]
[Round "06"]
[TimeControl "180+1"]
[Date "2022.11.16"]
[WhiteClock "0:00:15"]
[BlackClock "0:00:18"]

1. d4 Nf6 2. c4 e6 3. Nf3 d5 4. Nc3 Be7 5. Bf4 O-O 6. e3 c5 7. cxd5 exd5 8. dxc5 Bxc5 9. Be2 Be6 10. O-O Nc6 11. Ne5 Bd6 12. Nxc6 bxc6 13. Bxd6 Qxd6 14. Rc1 Rab8 15. Na4 Qe5 16. a3 Rfd8 17. Qc2 d4 18. exd4 Rxd4 19. Nc5 Bf5 20. Bd3 Bxd3 21. Nxd3 Qh5 22. Nb4 Ng4 23. h3 Ne5 24. f4 Nc4 25. Nxc6 Rxb2 26. Nxd4 Rxc2 27. Rxc2 Qc5 28. Rd1 h6 29. Kh2 Qd5 30. Rdc1 Ne3 31. Rd2 Qe4 32. Re1 Qxf4+ 33. g3 Qg5 34. Rde2 Nd5 35. Nf3 Qf5 36. Kg2 Qd3 37. Rd2 Qc4 38. Red1 Ne3+ 39. Kf2 Nxd1+ 40. Rxd1 Qc2+ 41. Rd2 Qc5+ 42. Ke2 Qxa3 43. Rd8+ Kh7 44. Rd2 Qa6+ 45. Kf2 Qb6+ 46. Nd4 a5 47. Kf3 a4 48. Rd3 Qf6+ 49. Kg2 Qg6 50. Nf3 Qxd3 0-1


[Site "https://www.chess.com"]

[Event "Titled Tuesday Blitz November 15 Late 2022"]
[White "Kamsky, Gata"]
[Black "Al-Tarboush, Ward"]
[WhiteFideId "2000024"]
[BlackFideId "7601450"]
[WhiteElo "2666"]
[BlackElo "2273"]
[Result "1-0"]
[Round "06"]
[TimeControl "180+1"]
[Date "2022.11.16"]
[WhiteClock "0:00:17"]
[BlackClock "0:00:03"]

1. e4 e6 2. Nf3 d5 3. Nc3 Nf6 4. e5 Nfd7 5. d4 c5 6. Ne2 cxd4 7. Nexd4 Nc6 8. Bb5 Qb6 9. O-O Bc5 10. c3 O-O 11. Bxc6 bxc6 12. b4 Be7 13. Be3 c5 14. Nb3 Ba6 15. Re1 Rac8 16. Qd2 Qc7 17. Bg5 Bxg5 18. Qxg5 cxb4 19. cxb4 h6 20. Qg3 Qc3 21. Qh4 Rc4 22. Qe7 Bc8 23. b5 Qb4 24. Qxb4 Rxb4 25. Nbd4 Nc5 26. Reb1 Ra4 27. Rc1 Ne4 28. Rc7 g5 29. h3 h5 30. Nc6 g4 31. hxg4 hxg4 32. Nh2 g3 33. fxg3 Rc4 34. Rxa7 Nxg3 35. Nf3 Ne2+ 36. Kf2 Nf4 37. Nfd4 Nd3+ 38. Ke3 Nc5 39. a4 Rc3+ 40. Ke2 Bd7 41. Rf1 Bxc6 42. Nxc6 Ne4 43. Rf3 Rc2+ 44. Kd3 Rc3+ 45. Kd4 Rc4+ 46. Ke3 Nc5 47. Rf4 Rc3+ 48. Kd2 Ra3 49. Rg4+ Kh7 50. a5 Kh6 51. a6 f6 52. Rh4+ Kg5 53. Rh3 fxe5 54. Rxa3 Rf2+ 55. Kc3 Ne4+ 56. Kb4 Rb2+ 57. Rb3 1-0


[Site "https://www.chess.com"]

[Event "Titled Tuesday Blitz November 15 Late 2022"]
[White "Khandelwal, Ankush"]
[Black "Goroshkov, Maksym"]
[WhiteFideId "413470"]
[BlackFideId "14142716"]
[WhiteElo "2271"]
[BlackElo "2257"]
[Result "0-1"]
[Round "06"]
[TimeControl "180+1"]
[Date "2022.11.16"]
[WhiteClock "0:00:33"]
[BlackClock "0:01:35"]

1. e4 e5 2. Nf3 d6 3. d4 Bg4 4. dxe5 Nd7 5. exd6 Bxd6 6. Be2 Ngf6 7. Nc3 Qe7 8. O-O O-O-O 9. h3 Bh5 10. Nd4 Bg6 11. Ndb5 Nc5 12. Nxd6+ Rxd6 13. Qe1 Ncxe4 14. Nxe4 Qxe4 15. c3 Re8 16. Be3 Nd5 17. Bf3 Qc4 18. Rd1 Bd3 19. b3 Qa6 20. c4 Nxe3 21. Bg4+ Kb8 22. Rxd3 Rxd3 23. Bf5 Rd1 0-1


[Site "https://www.chess.com"]